 Dungeon Crawl Stone Soup version 0.27-a0-1090-gb115f176c6 (console) character file.

Game seed: 6333100895583000631

17 nht the Charlatan (level 2, 20/21 HPs)
             Began as a Demonspawn Artificer on Apr 27, 2021.
             Quit the game on level 1 of the Dungeon.
             The game lasted 00:01:46 (591 turns).

nht the Charlatan (Demonspawn Artificer)             Turns: 591, Time: 00:01:46

Health: 20/21      AC:  3    Str: 12    XL:     2   Next: 44%
Magic:  0/2        EV: 11    Int: 12    God:
Gold:   13         SH:  0    Dex: 13    Spells: 0/1 levels left

rFire    . . .     SeeInvis .   a - +0 club
rCold    . . .     Faith    .   (no shield)
rNeg     . . .     Spirit   .   b - +0 leather armour
rPois    .         Reflect  .   (no helmet)
rElec    .         Harm     .   (no cloak)
rCorr    .         Rampage  .   (no gloves)
Will     .....                  (no boots)
Stlth    +.........             (no amulet)
HPRegen  0.07/turn              (no ring)
MPRegen  0.08/turn              (no ring)

@: very slightly contaminated
A: claws 1
a: no special abilities


You were on level 1 of the Dungeon.
You visited 1 branch of the dungeon, and saw 2 of its levels.

You collected 13 gold pieces.

Inventory:

Hand Weapons
 a - a +0 club (weapon)
Armour
 b - a +0 leather armour (worn)
Wands
 d - a wand of charming (14)
Scrolls
 f - a scroll of enchant armour {unknown}
 g - a scroll of magic mapping {unknown}
 h - a scroll of blinking {unknown}
Potions
 c - a potion of mutation {unknown}
Miscellaneous
 e - a piece from Xom's chessboard (9/15) (quivered)


   Skills:
 - Level 1.0 Fighting
 - Level 1.7 Armour
 - Level 0.8 Dodging
 - Level 0.8 Stealth
 + Level 0.6 Conjurations
 + Level 0.4 Fire Magic
 - Level 3.6 Evocations


You couldn't memorise any spells.
You knew the following spells:

 Your Spells              Type           Power      Damage    Failure   Level
a - Foxfire               Conj/Fire      4%         2x1d4     34%         1

Your spell library contained the following spells:

 Spells                   Type           Power      Damage    Failure   Level
 Irradiate                Conj/Tmut      0%         3d14      100%        5
 Starburst                Conj/Fire      0%         8x6d3     100%        6
 Ignition                 Fire           0%         3d3       100%        8


Dungeon Overview and Level Annotations

Branches:
Dungeon (2/15)

Altars:


Innate Abilities, Weirdness & Mutations

You have sharp fingernails.


Message History

Unknown command.
Found a stone staircase leading down.
A giant cockroach is nearby!
There is a stone staircase leading down here.
You climb downwards.
There is a stone staircase leading up here.
You climb upwards.
There is a stone staircase leading down here.
A giant cockroach is nearby!
You conjure some foxfire!
The foxfire hits the giant cockroach.
The giant cockroach is moderately wounded.
Your foxfire dissipates!
The giant cockroach waves its antennae.
The giant cockroach barely misses you.
You miscast Foxfire.
You are very lightly contaminated with residual magic.
Nothing appears to happen.
The giant cockroach bites you but does no damage.
The giant cockroach barely misses you.
You miscast Foxfire.
Nothing appears to happen.
The giant cockroach bites you but does no damage.
Okay, then.
Okay, then.
You make a move on Xom's chessboard...
The giant cockroach struggles to resist.
The giant cockroach bites you.
You make a move on Xom's chessboard...
The giant cockroach seems to grow stronger.
The giant cockroach closely misses you. The giant cockroach barely misses you.
You make a move on Xom's chessboard...
The giant cockroach twists and deforms.
The giant cockroach barely misses you.
You make a move on Xom's chessboard...
The giant cockroach barely resists.
The giant cockroach bites you but does no damage.
You make a move on Xom's chessboard...
The giant cockroach flickers and vanishes!
Deactivating autopickup; reactivate with Ctrl-A.
Something bites you but does no damage.
You can't see anything.
Try to make a move anyway?
Okay, then.
Are you sure you want to abandon this character and quit the game? (Confirm with "yes".) █.██......>█ █.███.█.█.██ █.█........███ ....█.█.█.█..█ ███████████████

█.██.......█.█
█........>....█
.█..█.█.█.██.█
█.███████████.█
█.██(........███.█
█.███.█.█.█...██{█
█.█........█.█.█@██
█..██.█.█.█.......█
█.█..........█.██.████████.
..███.█.█.█...███...≈≈≈B...
████.......█.██ ███'███+█.█
..███.█.█.██..█ ███
█.............█
..███.█.█.██..█
.████████.██..█


There were no monsters in sight!

Vanquished Creatures
  A dart slug (D:1)
  A bat (D:1)
  An endoplasm (D:1)
  A giant cockroach (D:1)
  A goblin (D:1)
  3 jackals (D:1)
  3 ball pythons (D:1)
  2 kobolds (D:1)
  2 rats (D:1)
15 creatures vanquished.

Vanquished Creatures (others)
  A jackal (D:1)
  6 foxfires (D:1)
7 creatures vanquished.

Grand Total: 22 creatures vanquished

Notes
Turn   | Place    | Note
-------+----------+-------------------------------------------
     0 | D:1      | nht the Demonspawn Artificer began the quest for the Orb.
     0 | D:1      | Reached XP level 1. HP: 15/15 MP: 1/1
   157 | D:1      | Gained mutation: You have sharp fingernails. [demonic
                  | ancestry]
   157 | D:1      | Reached XP level 2. HP: 21/21 MP: 2/2
   158 | D:1      | Identified Okukaun's Almanac of Shifting Heat
   169 | D:1      | Learned a level 1 spell: Foxfire
   591 | D:1      | Quit the game

Illustrated notes

Levels and vault maps discovered:
D:1:      dpeg_arrival_snail, layout_loops_ring,
          hellmonk_ecumenical_altar_prayer_group, st_stairs_12,
          corexii_corridor_pit, minmay_split_cup_small
D:2:      layout_loops_corners, serial_shops, shop

Action                   || total
-------------------------++-------
Melee: Club              ||     7
 Cast: Foxfire           ||     4
Evoke: Wand              ||    16
       Piece from Xom's  ||     6
Armor: Leather armour    ||    12
Dodge: Dodged            ||    15

Table legend: (Time is in decaauts)
 A = Elapsed time spent in this place.
 B = Non-inter-level travel time spent in this place.
 C = Inter-level travel time spent in this place.
 D = Time resting spent in this place.
 E = Time spent auto-exploring this place.
 F = Levels seen in this place.
 G = Mean time per level.
                   A        B        C        D        E       F      G
               +--------+--------+--------+--------+--------+-----+--------+
         Total |    595 |    541 |     54 |      0 |    441 |   2 |  297.5 |
       Dungeon |    595 |    541 |     54 |      0 |    441 |   2 |  297.5 |
               +--------+--------+--------+--------+--------+-----+--------+

Top non-repeatable levels by time:
     D:1: 588 daAuts
     D:2: 6 daAuts
